 Dungeon Crawl Stone Soup version 0.21-a0-331-gfb491b4 (webtiles) character file.

15 vishdafish the Charmwright (level 2, 0/22 HPs)
             Began as a Demonspawn Skald on Oct 2, 2017.
             Slain by a worm (1 damage)
             ... on level 2 of the Dungeon.
             The game lasted 00:01:16 (486 turns).

vishdafish the Charmwright (Demonspawn Skald)        Turns: 486, Time: 00:01:17

Health: 0/22       AC:  3    Str: 16    XL:     2   Next: 34%
Magic:  1/5        EV: 12    Int: 14    God:
Gold:   11         SH:  0    Dex: 12    Spells: 4/5 levels left

rFire    . . .     SeeInvis .   a - +0 spear
rCold    . . .     Gourm    .   (no shield)
rNeg     . . .     Faith    .   b - +0 leather armour
rPois    .         Spirit   .   (no helmet)
rElec    .         Reflect  .   (no cloak)
rCorr    .         Harm     .   (no gloves)
MR       .....                  (no boots)
Stlth    +.........             (no amulet)
HPRegen  0.07/turn              (no ring)
MPRegen  0.09/turn              (no ring)

@: mighty, infused
A: powered by death 1
a: no special abilities


You were on level 2 of the Dungeon.
You were not hungry.

You visited 1 branch of the dungeon, and saw 2 of its levels.

You collected 11 gold pieces.

Inventory:

Hand Weapons
 a - a +0 spear (weapon)
Armour
 b - a +0 leather armour (worn)
Scrolls
 g - 3 scrolls of identify {unknown}
 k - a scroll of teleportation {unknown}
Potions
 e - a potion of curing {unknown}
 f - a potion of might
 i - 2 potions of haste {unknown}
Books
 c - a book of Battle

   Spells                             Type                      Level
   a - Infusion                       Charms                       1
   b - Shroud of Golubria             Charms/Translocation         2
   c - Song of Slaying                Charms                       2
   d - Spectral Weapon                Hexes/Charms                 3
   e - Regeneration                   Charms/Necromancy            3
Comestibles
 d - 2 bread rations
 h - a royal jelly
 j - 5 fruits


   Skills:
 - Level 2.0 Fighting
 + Level 2.2 Polearms
 - Level 1.0 Armour
 - Level 2.0 Dodging
 - Level 2.0 Spellcasting
 - Level 3.0 Charms


You had 4 spell levels left.
You knew the following spells:

 Your Spells              Type           Power        Failure   Level  Hunger
a - Infusion              Chrm           #...         9%          1    ##.....


Dungeon Overview and Level Annotations

Branches:
Dungeon (2/15)

Altars:


Innate Abilities, Weirdness & Mutations

You regenerate a little health from kills.


Message History

The worm is heavily wounded.
The bat closely misses you. The bat hits you but does no damage.
The worm bites you.
You barely miss the worm.
The worm is heavily wounded.
The bat hits you but does no damage. x2
You hit the worm.
The worm is severely wounded.
The bat barely misses you. x2; The worm bites you!
You hit the worm.
The worm is severely wounded.
The bat closely misses you. The bat barely misses you.
You hit the worm.
The worm is almost dead.
The bat barely misses you. The bat hits you. The worm bites you.
* * * LOW HITPOINT WARNING * * *
It was a potion of might.
You feel very mighty all of a sudden. The bat misses you.
The bat closely misses you. The worm bites you.
You die...

# .#.#
#########....##
......b@w......
#########...###
.## .. #. #


You could see a worm and a bat.

Vanquished Creatures
  A dart slug (D:1)
  A giant cockroach (D:1)
  3 goblins (D:1)
  A hobgoblin (D:1)
  A ball python (D:1)
  2 bats (D:1)
  A kobold (D:1)
  5 rats (D:1)
15 creatures vanquished.

Notes
Turn   | Place    | Note
-------+----------+-------------------------------------------
     0 | D:1      | vishdafish the Demonspawn Skald began the quest for the Orb.
     0 | D:1      | Reached XP level 1. HP: 16/16 MP: 3/3
    39 | D:1      | Reached skill level 1 in Armour
   104 | D:1      | Gained mutation: You regenerate a little health from kills. [demonic ancestry]
   104 | D:1      | Reached XP level 2. HP: 20/22 MP: 3/5
   241 | D:1      | Reached skill level 3 in Charms
   485 | D:2      | HP: 1/22 [worm (6)]
   486 | D:2      | Slain by a worm

Vault maps used:
D:1:      mrwooster_arrival_statue_2
D:2:      hangedman_abyss_or_decor_lesser_grid, uniq_natasha, uniq_sigmund

Skill      XL: |  1  2 |
---------------+-------+-----
Armour         | 1 |  1.0
Polearms       | 2 |  2.2
Dodging        | 2 |  2.0
Charms         | 3 |  3.0
Fighting       | |  2.0
Spellcasting   | |  2.0

Action                   || total
-------------------------++-------
Melee: Spear             ||    48
 Cast: Infusion          ||     5
  Use: Potion            ||     1
 Stab: Sleeping          ||     1
Armor: Leather armour    ||    13
Dodge: Dodged            ||    31

Table legend:
 A = Spawn XP
 B = Non-spawn XP
 C = Spawn XP percentage of total XP
 D = Spawn monster count
 E = Non-spawn monster count
 F = Spawn count percentage of total count
 G = Total turns spent on level
                    A         B        C        D         E        F      G
               +---------+---------+-------+---------+---------+-------+---------
         Total |       0 |      22 |   0.0 |       0 |      15 |   0.0 |   486
               +---------+---------+-------+---------+---------+-------+---------
           D:1 |       0 |      22 |   0.0 |       0 |      15 |   0.0 |   474
               +---------+---------+-------+---------+---------+-------+---------
